 Dungeon Crawl Stone Soup version 0.20.1-1-g8b1a95d (webtiles) character file.

301002 letownia2 the Executioner (level 20, 174/188 HPs)
             Began as a Deep Dwarf Necromancer on Oct 28, 2017.
             Was an Initiate of Gozag.
             Quit the game on level 2 of the Lair of Beasts.
             The game lasted 03:24:19 (51430 turns).

letownia2 the Executioner (Deep Dwarf Necromancer) Turns: 51430, Time: 03:24:20

Health: 174/188    AC: 21    Str: 20    XL:     20   Next: 52%
Magic:  36/36      EV: 20    Int: 22    God:    Gozag
Gold:   771        SH:  0    Dex: 19    Spells: 9/43 levels left

rFire    + . .     SeeInvis +   a - +7 battleaxe of Cataclysm {venom, +Inv}
rCold    . . .     Gourm    .   (shield currently unavailable)
rNeg     + . .     Faith    .   G - quicksilver dragon scales
rPois    .         Spirit   .   m - +3 crown of Dyrovepreva {rElec Int+2 SInv}
rElec    +         Reflect  .   t - +1 cloak
rCorr    +         Harm     +   u - +0 pair of gloves {Str+3}
MR       ++++.                  (no boots)
Stlth    ++........             I - amulet of harm
Regen    0.0/turn               v - ring of protection from fire
MPRegen  0.3/turn               M - ring "Efren" {rCorr Dex+6}

@: non-regenerating
A: damage resistance, heal wounds, negative energy resistance 1, sense
surroundings 3, no regeneration
}: 1/15 runes: gossamer
a: Heal Wounds, Potion Petition, Call Merchant, Bribe Branch, Renounce Religion,
Evoke Invisibility


You were on level 2 of the Lair of Beasts.
You worshipped Gozag.
Gozag was pleased with you.
You were hungry.

You visited 8 branches of the dungeon, and saw 38 of its levels.
You also visited: Labyrinth and Ossuary.

You collected 17446 gold pieces.
You spent 323 gold pieces at shops.
You paid 16352 gold pieces to Gozag.

Inventory:

Hand Weapons
 a - the +7 battleaxe of Cataclysm (weapon) {venom, +Inv}
   (You found it on level 2 of the Elven Halls)

   It poisons the flesh of those it strikes.
   It lets you turn invisible.
 b - the +8 war axe of Unreason {flame, rPois Int+4 Dex+3}
   (You found it on level 11 of the Dungeon)

   It has been specially enchanted to burn those struck by it, causing extra
   injury to most foes and up to half again as much damage against particularly
   susceptible opponents.
   Big, fiery blades are also staple armaments of hydra-hunters.
   It affects your intelligence (+4).
   It affects your dexterity (+3).
   It protects you from poison.
Missiles
 z - 2 curare-tipped needles
 X - 2 throwing nets (quivered)
Armour
 m - the +3 crown of Dyrovepreva (worn) {rElec Int+2 SInv}
   (You found it on level 12 of the Dungeon)

   It affects your intelligence (+2).
   It insulates you from electricity.
   It lets you see invisible.
 t - a +1 cloak (worn)
 u - a +0 pair of gloves of strength (worn)
 D - a +3 chain mail of fire resistance
 G - quicksilver dragon scales (worn)
Jewellery
 s - the ring of Gufiusel {Fire rPois}
   (You found it on level 5 of the Dungeon)

   [ring of fire]

   It enhances your fire magic.
   It protects you from fire.
   It makes you vulnerable to cold.
   It protects you from poison.
 v - a ring of protection from fire (left hand)
 w - an uncursed ring of ice
 A - an uncursed ring of positive energy
 I - an amulet of harm (around neck)
 M - the ring "Efren" (right hand) {rCorr Dex+6}
   (You found it in a labyrinth)

   [ring of resist corrosion]

   It affects your dexterity (+6).
Wands
 f - a wand of clouds (7/9)
Scrolls
 i - 17 scrolls of identify
 k - a scroll of summoning
 l - 2 scrolls of immolation
 n - 11 scrolls of teleportation
 o - 7 scrolls of fog
 p - 13 scrolls of remove curse
 x - 3 scrolls of fear
 K - 3 scrolls of recharging
 L - 2 scrolls of holy word
 R - 3 scrolls of blinking
 V - 3 scrolls of magic mapping
Potions
 e - 3 potions of magic
 h - 11 potions of curing
 q - 8 potions of mutation
 B - 6 potions of agility
 C - 8 potions of haste
 E - 10 potions of lignification
 J - 2 potions of cancellation
 O - 3 potions of ambrosia
 P - 7 potions of might
 Q - 4 potions of brilliance
 S - 2 potions of invisibility
 T - 3 potions of heal wounds
 W - 2 potions of berserk rage
 Y - 6 potions of flight
Miscellaneous
 j - a lightning rod (4/4)
Comestibles
 g - 9 meat rations


   Skills:
 + Level 13.5 Fighting
 + Level 21.3(21.5) Axes
   Level 5.1(13.4) Polearms
 + Level 12.2 Armour
 + Level 10.9 Dodging
 - Level 2.4 Stealth
 + Level 12.0 Spellcasting
 - Level 2.6 Conjurations
 + Level 17.8 Necromancy
 - Level 2.9 Translocations
 - Level 2.5 Fire Magic
 - Level 4.9 Air Magic
 - Level 2.1 Poison Magic
 - Level 6.0 Evocations


You had 9 spell levels left.
You knew the following spells:

 Your Spells              Type           Power        Failure   Level  Hunger
a - Pain                  Necr           ####         0%          1    None
b - Blink                 Tloc           N/A          3%          2    None
c - Conjure Flame         Conj/Fire      ###.....     8%          3    None
d - Flame Tongue          Conj/Fire      ###..        2%          1    None
e - Mephitic Cloud        Conj/Pois/Air  ####....     5%          3    None
i - Ignite Poison         Fire/Tmut/Pois ###.....     11%         3    None
j - Portal Projectile     Hex/Tloc       ###...       12%         3    None
v - Vampiric Draining     Necr           #######...   0%          3    None
x - Inner Flame           Hex/Fire       ###.....     13%         3    None
z - Summon Butterflies    Summ           ##......     7%          1    None
I - Silence               Hex/Air        ###.......   58%         5    ####...
R - Deflect Missiles      Chrm/Air       ###.......   99%         6    #####..


Dungeon Overview and Level Annotations

Branches:
Dungeon (15/15)            Temple (1/1) D:6            Lair (6/6) D:10
  Swamp (4/4) Lair:2       Spider (4/4) Lair:3        Slime (0/5) Lair:6
    Orc (2/2) D:10            Elf (3/3) Orc:2        Vaults (3/5) D:14
 Depths (0/5) D:15
  Crypt: Vaults:2-3

Altars:
Ashenzari
Dithmenos
Elyvilon
Fedhas
Gozag
Hepliaklqana
Kikubaaqudgha
Makhleb
Nemelex Xobeh
Okawaru
Qazlal
Ru
Sif Muna
Trog
Uskayaw
Vehumet
Xom
Yredelemnul
Zin
The Shining One
Beogh
Jiyva

Shops:
D:4 (   D:10 *}   D:12 ?   Orc:2 *:*[(   Elf:1 *   Lair:2 ==***=*[=(
Vaults:3 *

Portals:
Hell: Lair:6

Annotations:
D:2 DIG
D:6 tarantulino's ghost, novice NaFi
Swamp:4 Mara
Elf:2 3 runed doors


Innate Abilities, Weirdness & Mutations

You are resistant to damage.
You can heal yourself by infusing magical energy.
You resist negative energy. (rN+)
You passively map a large area around you.
You do not regenerate.


Message History

Fund which merchant?
You no longer have enough gold to fund merchants seeking to open stores in the dungeon.
You no longer have enough gold to bribe branches to halt enemies' attacks and recruit allies.
Vamov invites you to visit its Jewellery Shoppe.
There is an entrance to Ingon's Assorted Antiques here.
Items here: % ))))) ////// ::::: ????? [[ ||| }}
Okay, then.
Put on which piece of jewellery? (? for menu, Esc to quit)
Okay, then.
Saving game... please wait.
Welcome back, letownia2 the Deep Dwarf Necromancer.
Gozag says: Greed is good.
Press ? for a list of commands and other information.
Unknown command.
Drop what? 43/52 slots (_ for help) (? for menu, Esc to quit)
Okay, then.
Unknown command.
Drop what? 43/52 slots (_ for help) (? for menu, Esc to quit)
Okay, then.
Are you sure you want to abandon this character and quit the game? (Confirm with "yes".)

###..#.................
##PP.###................
#...>####...............
#.....##................
##....####....##.....<...
##......##................
#..##.#...................
##.###..∩.<............... #####
#.####.∩∩@∩∩............## ##..#
###.....∩∩∩∩............## ...###
#........∩P............## ....P#
###........#P..#..........
....P###P..#...................#.
.........P.##..................##
...###.....##.......#............
#### ###P...........##....[....).
# ###...#.......#.....<.....


There were no monsters in sight!

Vanquished Creatures
  A bone dragon (Vaults:3)
  Rupert (D:12)
  2 deep elf blademasters (Elf:3)
  Asterion (Elf:1)
  4 deep elf master archers (Elf:3)
  Kirke (Lair:5)
  Donald (Swamp:1)
  10 deep elf sorcerers (Elf:3)
  An orc warlord (Orc:1)
  4 ghost moths
  4 emperor scorpions
  Aizul (Swamp:4)
  2 vault wardens
  Louise (Swamp:3)
  5 ironheart preservers
  2 deep elf elementalists (Elf:3)
  3 entropy weavers
  The ghost of Frank the Fighter, a journeyman OpFi of Gozag (Orc:2)
  5 stone giants
  A war gargoyle (D:15)
  5 deep elf demonologists
  2 green draconians (Swamp:4)
  A dire elephant (Lair:6)
  6 deep elf annihilators (Elf:3)
  A minotaur (Lab)
  A deep elf death mage (Elf:3)
  2 spark wasps (Spider:4)
  An ettin (Vaults:2)
  A fire dragon (Vaults:2)
  Snorg (D:13)
  Erolcha (D:10)
  11 ogre magi
  3 deep elf high priests (Elf:3)
  2 ice dragons
  6 rakshasas
  A vault guard (Vaults:1)
  2 great orbs of eyes (Vaults:1)
  A yaktaur captain (Vaults:2)
  Harold (D:10)
  Fannar (Orc:1)
  3 ghost crabs (Vaults:3)
  3 catoblepae
  27 hydras
  7 centaur warriors
  2 deep troll shamans (Vaults:2)
  8 alligators
  7 orc high priests
  45 two-headed ogres
  A tengu warrior (D:14)
  18 deep elf knights
  A sun demon (Lair:6)
  A fire crab (shapeshifter) (Vaults:1)
  An unseen horror (shapeshifter) (Vaults:2)
  2 unseen horrors
  2 spriggan druids (Swamp:4)
  10 swamp dragons
  8 deep elf archers
  2 glowing orange brains
  2 deep trolls (Vaults:2)
  2 wizards
  7 ironbrand convokers
  6 shambling mangroves
  11 orc knights
  29 deep elf magi
  Pikel (D:7)
  4 harpies (Vaults:1)
  3 lindwurms (Swamp:4)
  2 necromancers
  A golden dragon skeleton (Vaults:3)
  23 wolf spiders
  10 orb spiders
  11 ugly things
  A wolf spider zombie (D:15)
  5 orc sorcerers
  11 cyclopes
  Maurice (D:8)
  11 elephants
  A moth of wrath (Spider:4)
  A salamander (shapeshifter) (Vaults:3)
  4 black mambas
  A naga mage (Vaults:3)
  An orange demon (Lair:6)
  2 torpor snails
  A centaur zombie (D:15)
  A smoke demon (Lair:6)
  7 vault sentinels
  4 gargoyles
  3 kobold demonologists
  8 komodo dragons
  19 spiny frogs
  A freezing wraith (D:15)
  13 yaktaurs
  An efreet (D:15)
  5 ice devils (Lair:6)
  15 demonic crawlers
  3 trolls
  A queen bee (shapeshifter) (D:15)
  9 tyrant leeches
  25 hornets
  6 polar bears
  A meliai (shapeshifter) (D:14)
  A wind drake (shapeshifter) (Vaults:2)
  30 jumping spiders
  A polar bear (shapeshifter) (D:15)
  13 bog bodies
  4 dream sheep (Lair:6)
  33 slime creatures
  A hippogriff (shapeshifter) (Vaults:3)
  8 hippogriffs
  29 blink frogs
  A meliai zombie (D:14)
  2 minotaur skeletons (Lab)
  2 air elementals (Elf:1)
  59 redbacks
  4 spriggans
  4 shadows
  A spriggan simulacrum (Vaults:3)
  6 water elementals
  A tarantella (shapeshifter) (Vaults:1)
  A vampire (D:15)
  A human (Lair:6)
  36 yaks
  5 wraiths
  5 wyverns
  26 tarantellas
  5 basilisks
  2 humans (shapeshifter)
  3 hogs
  32 vampire mosquitoes
  3 fire elementals (Elf:1)
  2 golden eyes (shapeshifter)
  Grum (D:8)
  4 hungry ghosts
  2 steam dragons
  An elf simulacrum (Vaults:3)
  Menkaure (D:6)
  21 swamp worms
  6 wargs
  22 insubstantial wisps
  4 hell hounds (Lair:6)
  An acid dragon (D:15)
  14 porcupines
  11 water moccasins
  4 slaves (D:7)
  18 swamp drakes
  52 orc warriors
  2 ice beasts
  4 sky beasts
  2 eyes of draining
  A necrophage (D:10)
  A phantom (D:14)
  3 black bears
  10 centaurs
  32 ogres
  15 wolves
  9 boggarts
  25 crocodiles
  2 big kobolds
  23 bullfrogs
  2 wyvern zombies
  2 elf zombies (D:8)
  A komodo dragon skeleton (Swamp:2)
  4 elf skeletons
  2 earth elementals
  2 glowing shapeshifter simulacra
  A small abomination (Vaults:3)
  5 scorpions
  A scorpion (shapeshifter) (D:15)
  7 killer bees
  2 electric eels (Lair:5)
  10 howler monkeys
  8 crimson imps
  4 human simulacra
  3 bullfrog zombies
  6 hounds
  2 quasits
  19 orc priests
  Crazy Yiuf (D:7)
  5 jellies
  3 bullfrog skeletons
  2 centaur skeletons
  5 iguanas
  A human skeleton (D:8)
  21 orc wizards
  5 hell rats (Lair:3)
  11 worker ants
  A killer bee zombie (D:10)
  A bullfrog simulacrum (D:12)
  2 hound skeletons (D:4)
  A howler monkey skeleton (D:4)
  8 mummies (Ossuary)
  18 adders
  5 river rats (Lair:3)
  3 shadow imps
  2 swamp drake skeletons (Swamp:2)
  An adder skeleton (D:8)
  5 worms
  3 dart slugs
  7 leopard geckos
  75 orcs
  9 bats
  7 giant cockroaches
  8 goblins
  8 hobgoblins
  13 jackals
  2 quokkas
  A ball python (D:3)
  7 frilled lizards
  A hobgoblin zombie (Ossuary)
  18 kobolds
  3 kobold zombies (Ossuary)
  A leopard gecko zombie (D:6)
  5 orc zombies
  10 rats
  2 fungi
  2 macabre masses (Vaults:3)
  2 plants (Lair:5)
1501 creatures vanquished.

Vanquished Creatures (collateral kills)
  3 dancing weapons (Elf:2)
  A tarantella (Spider:1)
  A redback (Spider:4)
5 creatures vanquished.

Vanquished Creatures (others)
  13 dancing weapons
  A deep troll (Vaults:2)
  A deep elf mage (Elf:1)
  2 humans (Lair:6)
  A swamp drake (Swamp:4)
  26 fungi
  A plant (Lair:4)
45 creatures vanquished.

Grand Total: 1551 creatures vanquished

Notes
Turn   | Place    | Note
-------+----------+-------------------------------------------
     0 | D:1      | letownia2 the Deep Dwarf Necromancer began the quest for the Orb.
     0 | D:1      | Reached XP level 1. HP: 15/15 MP: 3/3
   164 | D:1      | Reached XP level 2. HP: 22/22 MP: 1/5
   371 | D:2      | Reached skill level 5 in Necromancy
   508 | D:3      | Reached XP level 3. HP: 28/28 MP: 3/6
   513 | D:3      | Learned a level 3 spell: Vampiric Draining
   685 | D:3      | Reached XP level 4. HP: 20/36 MP: 3/8
  1093 | D:3      | Reached XP level 5. HP: 35/42 MP: 1/9
  1593 | D:4      | Found Zaonigg's Weapon Emporium.
  1765 | D:4      | Reached XP level 6. HP: 32/49 MP: 7/10
  2400 | D:5      | Entered Level 5 of the Dungeon
  2536 | D:5      | Found a basalt altar of Yredelemnul.
  2537 | D:5      | Found a hide-covered altar of Uskayaw.
  2537 | D:5      | Found an ancient bone altar of Kikubaaqudgha.
  2550 | D:5      | Found a stormy altar of Qazlal.
  2556 | D:5      | Found an iron altar of Okawaru.
  2739 | D:5      | Got a scorched glass ring
  2778 | D:5      | Identified the ring of Gufiusel {Fire rPois} (You found it on level 5 of the Dungeon)
  2969 | D:6      | Reached XP level 7. HP: 53/55 MP: 3/11
  3012 | D:6      | Found a glowing golden altar of the Shining One.
  3015 | D:6      | Noticed Menkaure
  3031 | D:6      | Killed Menkaure
  3031 | D:6      | Reached skill level 1 in Fighting
  3031 | D:6      | Reached skill level 1 in Axes
  3031 | D:6      | Reached skill level 1 in Armour
  3062 | D:6      | Reached skill level 2 in Axes
  3168 | D:6      | Found a staircase to the Ecumenical Temple.
  3172 | Temple   | Entered the Ecumenical Temple
  3300 | Temple   | Became a worshipper of Gozag Ym Sagoz the Greedy
  3332 | D:6      | Noticed tarantulino's ghost (novice NaFi)
  3412 | D:6      | Learned a level 3 spell: Conjure Flame
  3612 | D:6      | Found a sparkling altar of Nemelex Xobeh.
  4271 | D:5      | Reached skill level 1 in Conjurations
  4271 | D:5      | Reached skill level 1 in Fire Magic
  4271 | D:5      | Reached XP level 8. HP: 32/66 MP: 6/14
  4923 | D:2      | Found a sacrificial altar of Ru.
  5372 | D:1      | Reached skill level 5 in Spellcasting
  5833 | D:7      | Found a blossoming altar of Fedhas.
  6006 | D:7      | Learned a level 3 spell: Mephitic Cloud
  6009 | D:7      | Learned a level 2 spell: Blink
  6151 | D:8      | Noticed Maurice
  6191 | D:8      | Killed Maurice
  6191 | D:8      | Reached skill level 1 in Air Magic
  6191 | D:8      | Reached skill level 1 in Poison Magic
  6225 | D:8      | Gained mutation: You passively map the area around you. [Deep Dwarf growth]
  6225 | D:8      | Reached XP level 9. HP: 66/73 MP: 9/18
  6361 | D:8      | Found a sand-covered staircase.
  6588 | Ossuary  | Entered an ossuary
  6665 | Ossuary  | Learned a level 1 spell: Flame Tongue
  7172 | D:8      | Reached skill level 3 in Axes
  7329 | D:8      | Noticed Grum
  7499 | D:8      | Killed Grum
  7952 | D:7      | Noticed Pikel
  8164 | D:9      | Reached XP level 10. HP: 70/80 MP: 22/22
  8300 | D:9      | Noticed a two-headed ogre
  8308 | D:9      | Noticed a two-headed ogre
  8325 | D:9      | Killed a two-headed ogre
  8325 | D:9      | Reached skill level 4 in Axes
  8325 | D:9      | Reached skill level 1 in Polearms
  8351 | D:9      | Killed a two-headed ogre
  8488 | D:9      | Found a shimmering altar of Xom.
  8502 | D:9      | Learned a level 3 spell: Inner Flame
  8583 | D:9      | Reached skill level 5 in Axes
  8815 | D:10     | Entered Level 10 of the Dungeon
  8821 | D:10     | Noticed a two-headed ogre
  8829 | D:10     | Killed a two-headed ogre
  8853 | D:10     | Found a shadowy altar of Dithmenos.
  8894 | D:10     | Noticed Harold
  8918 | D:10     | Killed Harold
  8918 | D:10     | Reached skill level 6 in Axes
  9028 | D:10     | Noticed Erolcha
  9028 | D:10     | Reached skill level 5 in Fighting
  9182 | D:10     | Found a staircase to the Lair.
  9216 | D:10     | Killed Erolcha
  9216 | D:10     | Reached skill level 7 in Axes
  9216 | D:10     | Reached XP level 11. HP: 82/96 MP: 12/23
  9334 | D:10     | You fall through a shaft for 3 floors!
  9426 | D:11     | Noticed a brown ugly thing
  9448 | D:11     | Killed a brown ugly thing
  9637 | D:7      | Found a runed door.
  9641 | D:7      | Noticed Crazy Yiuf
  9644 | D:7      | Killed Crazy Yiuf
  9650 | D:7      | Got an ancient mace
 10056 | D:7      | Killed Pikel
 10059 | D:7      | Identified the cursed +2 mace "Upoohun" {crush, *Corrode rPois rN+++ MR+} (You found it on level 7 of the Dungeon)
 10156 | D:10     | Noticed a two-headed ogre
 10164 | D:10     | Killed a two-headed ogre
 10165 | D:10     | Noticed a two-headed ogre
 10193 | D:10     | Killed a two-headed ogre
 10327 | D:10     | Found a staircase to the Orcish Mines.
 10392 | D:10     | Found a transporter.
 10405 | D:10     | Found a roughly hewn altar of Beogh.
 10413 | D:10     | Noticed an orc high priest
 10417 | D:10     | Noticed a two-headed ogre
 10417 | D:10     | Noticed a soul eater
 10423 | D:10     | Killed an orc high priest
 10433 | D:10     | Found a transporter.
 10693 | D:11     | Reached skill level 5 in Armour
 10910 | D:11     | Reached skill level 1 in Evocations
 10990 | D:11     | Noticed an unseen horror
 11017 | D:11     | Killed an unseen horror
 11108 | D:11     | Got an ivory war axe
 11109 | D:11     | Identified the +8 war axe of Unreason {flame, rPois Int+4 Dex+3} (You found it on level 11 of the Dungeon)
 11276 | D:10     | Killed a two-headed ogre
 11276 | D:10     | Reached skill level 10 in Necromancy
 11316 | D:10     | Identified the Disquisition on Ghastly Poison
 11595 | D:11     | Reached skill level 8 in Axes
 11797 | D:11     | Noticed a green ugly thing
 11805 | D:11     | Killed a green ugly thing
 11805 | D:11     | Reached skill level 9 in Axes
 11842 | D:11     | Reached XP level 12. HP: 80/106 MP: 17/24
 11854 | D:11     | Noticed a seven-headed hydra
 11867 | D:11     | Killed a five-headed hydra
 11984 | D:12     | Found a shattered altar of Ashenzari.
 12170 | D:12     | Reached skill level 10 in Axes
 12262 | D:12     | Noticed an eight-headed hydra
 12292 | D:12     | Killed a five-headed hydra
 12386 | D:12     | Reached skill level 11 in Axes
 12566 | D:12     | Noticed Rupert
 12706 | D:12     | Found Gingadaq's Magic Scroll Boutique.
 13539 | D:10     | Reached skill level 12 in Axes
 13545 | Lair:1   | Entered Level 1 of the Lair of Beasts
 14033 | Lair:2   | Learned a level 3 spell: Portal Projectile
 14039 | Lair:2   | Learned a level 5 spell: Silence
 14145 | Lair:2   | Found a staircase to the Swamp.
 14287 | Lair:2   | Got a brightly glowing ring mail
 14311 | Lair:2   | Identified the +0 ring mail of Purpose {Dex+3 Stlth+} (You found it on level 2 of the Lair of Beasts)
 14558 | Lair:2   | Got an ichor-stained long sword
 14559 | Lair:2   | Identified the +8 long sword of Irritation {protect, rF+ rN+ MR+ Int+4} (You found it on level 2 of the Lair of Beasts)
 14844 | Lair:3   | Noticed a catoblepas
 14851 | Lair:3   | Noticed a four-headed hydra
 14856 | Lair:3   | Killed a catoblepas
 14864 | Lair:3   | Killed a one-headed hydra
 15009 | Lair:3   | Found a hole to the Spider Nest.
 15026 | Lair:3   | Reached skill level 13 in Axes
 15030 | Lair:3   | Reached XP level 13. HP: 79/114 MP: 16/26
 15795 | Orc:1    | Entered Level 1 of the Orcish Mines
 15892 | Orc:2    | Entered Level 2 of the Orcish Mines
 15892 | Orc:2    | Found Ucveff's General Store.
 17186 | Orc:2    | Found Utwuc's Antique Armour Shop.
 17232 | Orc:2    | Found Dekax's Book Shoppe.
 17264 | Orc:2    | Noticed an orc warlord
 17319 | Orc:1    | Noticed Fannar
 17353 | Orc:2    | Found a staircase to the Elven Halls.
 17353 | Orc:2    | Noticed Frank's ghost (journeyman OpFi)
 17362 | Orc:2    | Found a roughly hewn altar of Beogh.
 17363 | Orc:2    | Found Paron's Antique Weapon Shoppe.
 17838 | Orc:1    | Killed Fannar
 18140 | Orc:2    | Found Vevveic's General Store.
 18672 | Orc:1    | Killed an orc warlord
 19010 | Orc:2    | Killed Frank's ghost
 19444 | D:12     | Killed Rupert
 19444 | D:12     | Reached skill level 14 in Axes
 19530 | D:13     | Gained mutation: You resist negative energy. (rN+) [Deep Dwarf growth]
 19530 | D:13     | Reached XP level 14. HP: 36/127 MP: 0/27
 20154 | D:13     | Noticed Snorg
 20160 | D:13     | Killed Snorg
 20541 | Spider:1 | Entered Level 1 of the Spider Nest
 20541 | Spider:1 | Noticed an entropy weaver
 20864 | D:14     | Found a gate to the Vaults.
 21015 | D:14     | Reached skill level 5 in Dodging
 21224 | D:14     | Identified a scroll of acquirement
 21225 | D:14     | Got a slimy hat
 21237 | D:14     | Identified the +2 hat of Syndicalism {rPois rCorr Str-3} (You acquired it on level 14 of the Dungeon)
 21924 | Lair:2   | Bought a slimy helmet for 323 gold pieces
 21934 | Lair:2   | Identified the +3 helmet "Jazaosytoox" {rF- Int-4 Dex+7 Stlth+} (You bought it in a shop on level 2 of the Lair of Beasts)
 22053 | D:15     | Entered Level 15 of the Dungeon
 22998 | D:15     | Got a shimmering hand axe
 23131 | D:15     | Reached skill level 10 in Fighting
 23150 | D:15     | Found a staircase to the Depths.
 23251 | D:15     | Reached skill level 15 in Axes
 23251 | D:15     | Reached XP level 15. HP: 92/138 MP: 15/28
 23355 | D:15     | Found a runed door.
 23803 | Lair:4   | Found a labyrinth entrance.
 23827 | Lair:4   | Identified the +12 hand axe of Amorality {chop, rElec MP+9 Str-4 Dex+5} (You found it on level 15 of the Dungeon)
 23877 | Lab      | Entered a labyrinth
 24686 | Lab      | Got a bound crystal amulet
 24686 | Lab      | Got a steaming silver ring
 24702 | Lab      | Identified the amulet "Acifei" {Harm *Drain Str+3} (You found it in a labyrinth)
 24704 | Lab      | Identified the ring "Efren" {rCorr Dex+6} (You found it in a labyrinth)
 24728 | Lab      | Learned a level 1 spell: Summon Butterflies
 25119 | Lair:4   | Reached skill level 5 in Polearms
 25804 | D:15     | Learned a level 3 spell: Ignite Poison
 26739 | Lair:6   | Entered Level 6 of the Lair of Beasts
 26739 | Lair:6   | Noticed Kirke
 26755 | Lair:5   | Killed Kirke
 26794 | Lair:6   | Found a staircase to the Slime Pits.
 26798 | Lair:6   | Found a viscous altar of Jiyva.
 27348 | Lair:6   | Reached skill level 16 in Axes
 27489 | Lair:6   | Reached XP level 16. HP: 128/150 MP: 29/29
 27989 | Lair:6   | Found a burning altar of Makhleb.
 28332 | Swamp:1  | Entered Level 1 of the Swamp
 28602 | Swamp:1  | Noticed Donald
 28615 | Swamp:1  | Killed Donald
 30082 | Swamp:2  | Got an ichor-stained buckler
 30088 | Swamp:2  | Identified the +3 buckler "Arepn" {*Drain +Fly SInv} (You found it on level 2 of the Swamp)
 30118 | Swamp:2  | Reached skill level 17 in Axes
 30618 | Swamp:2  | Reached skill level 15 in Necromancy
 30850 | Swamp:3  | Noticed Louise
 31014 | Swamp:3  | Killed Louise
 32060 | Swamp:4  | Entered Level 4 of the Swamp
 33097 | Swamp:4  | Reached XP level 17. HP: 146/157 MP: 5/30
 33238 | Swamp:4  | Reached skill level 18 in Axes
 33536 | Swamp:4  | Noticed Mara
 34413 | Swamp:4  | Noticed letownia2's illusion
 34712 | Spider:1 | Reached skill level 10 in Spellcasting
 35886 | Spider:2 | Reached skill level 19 in Axes
 37399 | Spider:4 | Entered Level 4 of the Spider Nest
 38445 | Spider:4 | Gained mutation: You passively map a large area around you. [Deep Dwarf growth]
 38445 | Spider:4 | Reached XP level 18. HP: 150/168 MP: 1/32
 39391 | Spider:4 | Got a gossamer rune of Zot
 39848 | Lair:6   | Found a gateway to Hell.
 40090 | Elf:1    | Entered Level 1 of the Elven Halls
 40272 | Elf:1    | Noticed Asterion
 40289 | Elf:1    | Killed Asterion
 40403 | Elf:1    | Reached skill level 10 in Armour
 40418 | Elf:1    | Reached skill level 5 in Evocations
 40508 | Elf:1    | Identified Soem's Disquisition on Calling
 40627 | Elf:1    | Found Owomepla's General Store.
 41352 | Elf:2    | Found a runed gate.
 41352 | Elf:2    | Found a runed gate.
 41352 | Elf:2    | Found a runed gate.
 41366 | Elf:2    | Got a brightly glowing battleaxe
 41367 | Elf:2    | Identified the +7 battleaxe of Cataclysm {venom, +Inv} (You found it on level 2 of the Elven Halls)
 41370 | Elf:2    | Got a transparent morningstar
 41371 | Elf:2    | Identified the +6 morningstar "Moisistroph" {elec, rPois Str+2 Dex+2} (You found it on level 2 of the Elven Halls)
 42184 | Vaults:1 | Entered Level 1 of the Vaults
 43179 | Vaults:1 | Reached skill level 20 in Axes
 43375 | Vaults:1 | Reached XP level 19. HP: 165/176 MP: 34/34
 46188 | Vaults:3 | Found Ostuir's General Store.
 46251 | Vaults:3 | Noticed a bone dragon
 46327 | Vaults:3 | Killed a bone dragon
 46494 | Vaults:3 | Reached skill level 21 in Axes
 46556 | Vaults:3 | Identified the Handbook of Unholy Rites
 47739 | Swamp:4  | Noticed Aizul
 47759 | Swamp:4  | Killed Aizul
 48448 | Elf:3    | Entered Level 3 of the Elven Halls
 48689 | Elf:3    | Learned a level 6 spell: Deflect Missiles
 48918 | Elf:3    | Reached skill level 10 in Dodging
 49479 | Elf:3    | Reached XP level 20. HP: 138/187 MP: 25/35
 51209 | Elf:3    | Got a polished falchion {flame}
 51213 | Elf:3    | Got a brightly glowing great sword {freeze}
 51214 | Elf:3    | Identified the +6 falchion "Bodoxom" {flame, *Corrode +Rage rF+++ Str+2} (You took it off a deep elf mage on level 3 of the Elven Halls)
 51216 | Elf:3    | Identified the +11 great sword "Larghohu" {freeze, rC+ Dex+2} (You took it off a deep elf sorcerer on level 3 of the Elven Halls)
 51430 | Lair:2   | Quit the game

Skill      XL: |  1  2  3  4  5  6  7  8  9 10 11 12 13 14 15 16 17 18 19 20 |
---------------+-------------------------------------------------------------+-----
Spellcasting   | 2 3 4 6 8 9 10 11 12 | 12.0
Necromancy     | 5 7 8 10 11 13 15 16 17 | 17.8
Fighting       | 1 5 6 8 10 11 12 13 | 13.5
Axes           | 2 3 7 9 13 14 15 16 17 19 20 21 | 21.3
Armour         | 2 5 7 8 9 10 11 12 | 12.2
Conjurations   | 1 2 |  2.6
Fire Magic     | 1 2 |  2.5
Translocations | 2 |  2.9
Air Magic      | 1 2 3 4 |  4.9
Poison Magic   | 1 2 |  2.1
Polearms       | 3 5 |  5.1
Evocations     | 3 6 |  6.0
Dodging        | 3 6 7 8 9 10 | 10.9
Stealth        | |  2.4

Action                   |  1- 3 |  4- 6 |  7- 9 | 10-12 | 13-15 | 16-18 | 19-21 || total
-------------------------+-------+-------+-------+-------+-------+-------+-------++-------
Melee: Unarmed           |     1 |       |       |       |       |       |       ||     1
       Dagger            |       |    86 |     1 |       |       |       |       ||    87
       Hand axe          |       |     2 |   154 |    52 |       |       |       ||   208
       Quarterstaff      |       |       |     6 |       |       |       |       ||     6
       Staff             |       |       |     5 |    22 |       |       |       ||    27
       War axe           |       |       |       |   227 |   920 |  1053 |   172 ||  2372
       Halberd           |       |       |       |       |       |    37 |       ||    37
       Battleaxe         |       |       |       |       |       |   137 |   333 ||   470
Throw: Tomahawk          |       |     2 |     3 |     3 |     1 |       |       ||     9
       Throwing net      |       |       |       |       |       |       |     4 ||     4
 Cast: Pain              |    38 |    66 |   216 |   151 |     7 |    20 |     1 ||   499
       Vampiric Draining |       |    36 |    56 |   218 |   463 |   667 |   309 ||  1749
       Flame Tongue      |       |       |    40 |    40 |    11 |     8 |       ||    99
       Conjure Flame     |       |       |     5 |    21 |    20 |    50 |    25 ||   121
       Mephitic Cloud    |       |       |     3 |    25 |    56 |   102 |    38 ||   224
       Blink             |       |       |       |     6 |    16 |    38 |    15 ||    75
Invok: Call Merchant     |       |       |       |     2 |     4 |     4 |     2 ||    12
Evoke: Wand              |       |       |       |    22 |    37 |    23 |    24 ||   106
       Box of beasts     |       |       |       |       |       |     1 |       ||     1
  Use: Scroll            |       |     2 |     1 |    22 |    17 |     7 |     4 ||    53
       Potion            |       |       |       |     2 |       |     2 |     2 ||     6
 Stab: Sleeping          |       |       |     1 |     2 |       |     2 |       ||     5
       Confused          |       |       |       |     5 |    22 |    69 |    24 ||   120
       Distracted        |       |       |       |     3 |     8 |     9 |     7 ||    27
       Paralysed         |       |       |       |       |     5 |     5 |       ||    10
  Eat: Chunk             |       |    11 |     3 |     1 |       |       |       ||    15
       Bread ration      |       |       |     3 |       |     3 |     4 |       ||    10
       Royal jelly       |       |       |     2 |     5 |     2 |     4 |       ||    13
       Fruit             |       |       |     1 |    10 |    21 |     6 |     1 ||    39
       Meat ration       |       |       |       |       |     1 |     5 |     5 ||    11
Armor: Robe              |     2 |       |       |       |       |       |       ||     2
       Ring mail         |       |    62 |   133 |    76 |       |       |       ||   271
       Skin              |       |       |    27 |       |     2 |     2 |       ||    31
       Quicksilver drago |       |       |       |   171 |   581 |   770 |   217 ||  1739
       Plate armour      |       |       |       |       |       |    21 |       ||    21
       Chain mail        |       |       |       |       |       |    15 |     3 ||    18
Dodge: Dodged            |    17 |    81 |   179 |   282 |   739 |  1411 |   431 ||  3140
